 Dungeon Crawl Stone Soup version 0.30-b1-2-g02819fbbbe (webtiles) character file.

Game seed: 6522855470531209904

172 raph the Chiller (level 5, -1/36 HPs)
             Began as a Merfolk Ice Elementalist on Nov 25, 2023.
             Slain by a gnoll
             ... wielding a +0 flail
              (7 damage)
             ... on level 4 of the Dungeon.
             The game lasted 00:05:10 (3294 turns).

raph the Chiller (Merfolk Ice Elementalist)         Turns: 3294, Time: 00:05:11

Health: -1/36      AC:  9    Str:  8    XL:     5   Next: 53%
Magic:  8/18       EV: 13    Int: 16    God:
Gold:   186        SH:  0    Dex: 15    Spells: 2/9 levels left

rFire   + . .        n - +0 trident
rCold   . . .        (no shield)
rNeg    . . .        l - +1 robe {Will+}
rPois   .            (no helmet)
rElec   .            (no cloak)
rCorr   .            (no gloves)
SInv    .            (no boots)
Will    +....        (no amulet)
Stlth   ++           o - ring of protection from fire
HPRegen 0.26/turn    p - ring of magical power
MPRegen 0.16/turn

%: no passive effects
@: ice-armoured, freezing walls
A: (nimble swimmer 2), mertail
a: no special abilities


You were on level 4 of the Dungeon.
You visited 1 branch of the dungeon, and saw 4 of its levels.

You collected 186 gold pieces.

Inventory:

Hand Weapons
 f - a +0 spear
 n - a +0 trident (weapon)
Missiles
 m - 2 poisoned darts
Armour
 a - a +0 robe
 l - a +1 robe of willpower (worn)
Jewellery
 o - a ring of protection from fire (left hand)
 p - a ring of magical power (right hand)
Wands
 c - a wand of digging (3)
Scrolls
 d - 5 scrolls of teleportation {unknown}
 j - 3 scrolls of identify {unknown}
 k - a scroll of noise {unknown}
 q - a scroll of amnesia {unknown}
Potions
 b - a potion of magic
 e - 2 potions of curing {unknown}
 g - a potion of brilliance {unknown}
 h - a potion of flight {unknown}
 i - 2 potions of mutation {unknown}


   Skills:
 + Level 0.3 Fighting
 + Level 2.9 Dodging
 - Level 2.1 Stealth
 + Level 2.9 Spellcasting
 * Level 6.6 Ice Magic


You had 2 spell levels left.
You knew the following spells:

 Your Spells              Type           Power      Damage    Failure   Level
a - Freeze                Ice            92%        1d9       1%          1
b - Frozen Ramparts       Ice            46%        1d7       3%          3
c - Ozocubu's Armour      Ice            23%        N/A       3%          3

Your spell library contained the following spells:

 Spells                   Type           Power      Damage    Failure   Level
 Summon Ice Beast         Ice/Summ       13%        N/A       43%         4
 Vhi's Electric Charge    Tloc/Air       4%         N/A       50%         3
 Arcjolt                  Conj/Air       1%         1d11      99%         5
 Maxwell's Capacitive Co  Air            1%         ∞         100%        8


Dungeon Overview and Level Annotations

Branches:
Dungeon (4/15)
 Temple: D:4-7

Altars:
Dithmenos
Okawaru

Shops:
D:4 *

Annotations:
D:3 3 runed translucent doors, diceflayer's ghost, amateur DsGl


Innate Abilities, Weirdness & Mutations

((You are very nimble when in or above water. (Stealth+, EV+, Speed+++)))
Your lower body shifts to a powerful aquatic tail in water.


Message History

Casting: Frozen Ramparts (dangerous; 3% risk of failure)
Confirm with . or Enter, or press ? or * to list all spells.
Casting: Frozen Ramparts (dangerous; 3% risk of failure)
Press: ? - help, Dir - look around, f - activate The walls around you are covered in ice.
The gnoll hits you with a +0 whip.
The wall freezes the gnoll.
The gnoll misses you.
The wall freezes the kobold.
You kill the kobold!
You hit the gnoll. Your punch misses the gnoll.
The gnoll is moderately wounded.
The gnoll hits you with a +0 whip!
The wall freezes the gnoll.
The gnoll barely misses you.
Casting: Frozen Ramparts (dangerous; 3% risk of failure)
Confirm with . or Enter, or press ? or * to list all spells.
A film of ice covers your body! The gnoll barely misses you.
The wall freezes the gnoll but does no damage.
The gnoll hits you from afar with a +0 spear.
The gnoll hits you with a +0 flail.
Casting: Ozocubu's Armour (dangerous; 3% risk of failure)
Confirm with . or Enter, or press ? or * to list all spells.
Your icy armour thickens.
The gnoll hits you with a +0 whip.
The wall freezes the gnoll!
You kill the gnoll!
The gnoll hits you with a +0 flail.
Okay, then.
Aiming: Freeze (safe; 1% risk of failure)
Press: ? - help, Q - select action, (/) - cycle Shift-Dir - straight line, f - gnoll
Aim: a gnoll, wielding a +0 whip (moderately wounded)
You freeze the gnoll.
The gnoll is moderately wounded.
The gnoll hits you but does no damage. x2
Aiming: Freeze (safe; 1% risk of failure)
Press: ? - help, Q - select action, (/) - cycle Shift-Dir - straight line, f/p - gnoll
Aim: a gnoll, wielding a +0 whip (moderately wounded)
You freeze the gnoll.
The gnoll is heavily wounded.
The gnoll hits you with a +0 whip!
* * * LOW HITPOINT WARNING * * *
The wall freezes the gnoll.
The gnoll hits you with a +0 flail!
You die...

###.............
#.............
#.............
#....<......(.
###.............
................
........).......
.....###gg...$..
..... #@g......
..... #........
.... #........
... #........
#........
#........
#........
######...


You could see 3 gnolls.

Vanquished Creatures
  Jessica (D:2)
  An orc wizard (D:3)
  A gnoll (D:4)
  5 adders
  A worm (D:2)
  2 dart slugs
  4 orcs (D:3)
  6 bats
  6 endoplasms
  A giant cockroach (D:1)
  5 goblins
  5 hobgoblins
  5 ball pythons
  2 frilled lizards
  6 kobolds
  8 rats
59 creatures vanquished.

Vanquished Creatures (others)
  6 plants (D:3)
  5 withered plants (D:3)
11 creatures vanquished.

Grand Total: 70 creatures vanquished

Notes
Turn   | Place    | Note
-------+----------+-------------------------------------------
     0 | D:1      | raph the Merfolk Ice Elementalist began the quest for the
                  | Orb.
     0 | D:1      | Reached XP level 1. HP: 13/13 MP: 3/3
   210 | D:1      | Reached XP level 2. HP: 17/19 MP: 0/5
   386 | D:1      | Reached skill level 5 in Ice Magic
   643 | D:1      | Reached XP level 3. HP: 24/24 MP: 2/6
   647 | D:1      | Learned a level 3 spell: Frozen Ramparts
  1263 | D:2      | Noticed Jessica
  1277 | D:2      | Killed Jessica
  1278 | D:2      | Reached XP level 4. HP: 24/30 MP: 1/7
  1352 | D:2      | Found a faded altar of an unknown god.
  1367 | D:2      | Reached skill level 6 in Ice Magic
  2188 | D:3      | Found a shadowy altar of Dithmenos.
  2316 | D:3      | Found an iron altar of Okawaru.
  2654 | D:3      | Reached XP level 5. HP: 20/35 MP: 3/9
  2730 | D:3      | Learned a level 3 spell: Ozocubu's Armour
  2972 | D:3      | Found a runed translucent gate.
  2972 | D:3      | Found a runed translucent gate.
  2974 | D:3      | Found a runed translucent gate.
  2976 | D:3      | Noticed diceflayer's ghost (amateur DsGl)
  2976 | D:3      | Noticed diceflayer's ghost (amateur DsGl)
  3272 | D:4      | Found Dutec's Assorted Antiques.
  3294 | D:4      | Slain by a gnoll

Illustrated notes

Levels and vault maps discovered:
D:1:      eino_arrival_druids_welcome, layout_rooms
D:2:      layout_loops_cross, chequers_ecumenical_altar_island, uniq_jessica
D:3:      layout_loops_cross, mainiacjoe_overflow_catch_the_wave,
          gammafunk_ghost_cemetery
D:4:      layout_basic, minmay_overflow_temple_star_quad, serial_shops,
          nicolae_shop_overgrown_old_shop, nicolae_shop_industrial_runoff

Skill      XL: |  1  2  3  4 |
---------------+-------------+-----
Ice Magic      | 5 6 |  6.6
Fighting       | |  0.3
Dodging        | |  2.9
Stealth        | |  2.1
Spellcasting   | |  2.9

Action                     |  1- 3 |  4- 6 || total
---------------------------+-------+-------++-------
  Melee: Unarmed           |     3 |       ||     3
         Spear             |    15 |    19 ||    34
         Trident           |       |    15 ||    15
  Throw: Dart              |     3 |       ||     3
   Cast: Freeze            |    37 |     3 ||    40
         Frozen Ramparts   |     6 |    18 ||    24
         Ozocubu's Armour  |       |     2 ||     2
   Stab: Sleeping          |     1 |       ||     1
 Armour: Robe              |     6 |     9 ||    15
  Dodge: Dodged            |    35 |    20 ||    55
